Map: Daybreak LE (Void)

Players

Sheva - Winner!

  • Race: Terran Terran
  • League: Diamond
  • Spawn Location: 1:00

Musumeci

  • Race: Zerg Zerg
  • League: Diamond
  • Spawn Location: 7:00

VOD

Have the link to the VOD?

Description

Time

  • Played on: Dec. 22, 2016, 5:10 p.m.
  • Length: 15:12
Show
View Real Time Build Order
Export as new Build Order

Sheva Terran - Winner!

Build Orders:  

Get SALT Encoding   

  12  0:01  SCV  
  13  0:13  SCV  
  14  0:17  Supply Depot  
  14  0:25  SCV  
  15  0:39  SCV  
  15  0:41  Barracks  
  16  0:45  Refinery  
  16  0:51  SCV  
  17  1:03  SCV  
  18  1:15  SCV  
  19  1:28  Orbital Command  
  19  1:32  Barracks Reactor  
  19  1:43  Command Center  
  19  1:48  Refinery  
  19  1:55  Supply Depot  
  19  1:59  SCV  
  20  2:08  Marine x2  
  20  2:11  SCV  
  23  2:21  Factory  
  23  2:26  Marine  
  23  2:27  Marine  
  25  2:33  SCV  
  26  2:43  Supply Depot  
  26  2:45  SCV  
  26  2:47  Marine  
  26  2:48  Marine  
  29  2:55  Orbital Command  
  29  3:03  SCV  
  30  3:15  Starport  
  30  3:22  SCV  
  30  3:27  Cyclone x2  
  37  3:28  Marine  
  37  3:31  SCV  
  39  3:35  SCV  
  40  3:43  Supply Depot  
  40  3:46  Marine  
  41  3:52  Medivac  
  43  3:59  Armory, Hellion x2  
  47  4:04  SCV  
  47  4:05  SCV  
  49  4:11  Supply Depot  
  49  4:17  SCV x2  
  50  4:20  Hellion  
  50  4:21  Hellion  
  55  4:32  SCV  
  55  4:35  Command Center  
  56  4:42  SCV  
  56  4:44  SCV  
  58  4:46  Starport Tech Lab  
  58  4:51  Hellion x2  
  57  5:28  Cyclone x2  
  60  5:29  SCV x2  
  60  5:32  Banshee  
  60  5:34  Supply Depot  
  65  5:40  Refinery  
  65  5:41  SCV  
  65  5:42  SCV  
  67  5:43  Refinery  
  64  5:54  SCV  
  59  6:07  Cyclone  
  59  6:08  Cyclone  
  59  6:09  Orbital Command, SCV  
  59  6:10  SCV  
  63  6:21  SCV  
  63  6:22  SCV  
  63  6:23  Factory  
  63  6:24  Banshee  
  61  6:25  Factory  
  61  6:27  Starport  
  61  6:33  Terran Vehicle Weapons Level 1, SCV  
  61  6:34  SCV  
  61  6:35  SCV  
  66  6:40  Hellion x2  
  66  6:45  SCV  
  66  6:46  SCV  
  70  6:53  Orbital Command  
  70  6:58  SCV x2, Command Center  
  70  7:01  Hellion x2, Hyperflight Rotors  
  76  7:06  Armory  
  76  7:10  SCV x2, Starport Tech Lab  
  76  7:11  Factory Reactor  
  78  7:15  Factory Tech Lab x2  
  78  7:20  SCV  
  78  7:22  SCV x2  
  81  7:32  Refinery, SCV  
  81  7:34  SCV x2  
  84  7:39  Refinery  
  84  7:41  Thor  
  84  7:42  Cyclone  
  93  7:51  Supply Depot  
  93  7:53  Supply Depot  
  93  7:57  Supply Depot  
  93  7:59  Supply Depot x2  
  93  8:00  Supply Depot  
  93  8:01  Terran Ship Weapons Level 1  
  93  8:02  Supply Depot  
  93  8:10  Banshee, Hellion x2, SCV x4  
  104  8:18  Supply Depot  
  104  8:19  Supply Depot  
  104  8:21  Supply Depot  
  104  8:22  SCV x3  
  104  8:23  Engineering Bay  
  104  8:24  Orbital Command  
  107  8:27  Hellion  
  107  8:28  Hellion  
  111  8:34  SCV x3, Thor  
  111  8:39  Banshee  
  123  9:08  Banshee  
  123  9:09  Thor  
  120  9:11  Cyclone x2  
  120  9:13  SCV x3  
  135  9:17  Sensor Tower  
  135  9:25  Banshee  
  135  9:29  Thor  
  144  9:32  Terran Vehicle And Ship Armor Level 1, Sensor Tower  
  144  9:34  Command Center  
  144  9:38  SCV x3  
  147  9:39  SCV  
  148  9:46  Cyclone x2  
  148  9:50  SCV x2  
  148  9:51  Fusion Core  
  156  10:00  Terran Vehicle Weapons Level 2  
  156  10:03  Banshee  
  159  10:12  Refinery  
  159  10:13  Refinery  
  159  10:14  Banshee  
  159  10:18  Hellbat  
  159  10:19  Hellbat x3  
  161  10:52  Banshee  
  164  10:59  Planetary Fortress  
  140  11:21  SCV x3  
  143  11:28  Command Center  
  143  11:33  SCV  
  143  11:34  SCV x2  
  148  11:43  Battlecruiser x2  
  148  11:45  SCV, Thor x2  
  171  11:47  Hellbat x2  
  173  12:01  Sensor Tower  
  173  12:06  Sensor Tower  
  173  12:18  Starport  
  173  12:21  Factory  
  173  12:22  Factory  
  173  12:41  Thor x2  
  185  12:56  Starport  
  185  12:58  Starport Tech Lab  
  182  13:11  Banshee  
  182  13:12  Banshee  
  166  13:36  Hellion x4  
  166  13:37  Hellion x2  
  156  13:49  Starport Tech Lab  
  156  13:51  Banshee  
  156  13:54  Banshee x2  
  156  13:57  Hellion x2  
  156  13:58  Hellbat x4  
  155  14:36  Factory Tech Lab  
  156  14:40  Factory Tech Lab  
  168  14:46  Factory Tech Lab  
Show
View Real Time Build Order
Export as new Build Order

Musumeci Zerg 

Build Orders: Hatch First 

Get SALT Encoding   

  12  0:03  Drone  
  13  0:08  Drone  
  14  0:17  Extractor  
  14  0:18  Drone  
  15  0:40  Hatchery  
  14  0:46  Extractor  
  14  0:47  Drone  
  15  1:02  Spawning Pool  
  14  1:11  Extractor  
  14  1:12  Drone, Extractor  
  14  1:15  Drone  
  16  1:19  Overlord  
  16  1:37  Drone x2  
  18  1:44  Drone  
  19  1:51  Queen  
  19  1:52  Drone  
  22  1:56  Queen  
  22  1:59  Drone  
  25  2:03  Drone  
  26  2:09  Overlord  
  26  2:15  Drone  
  27  2:20  Drone  
  28  2:26  Queen  
  30  2:33  Queen  
  30  2:36  Drone x2  
  33  2:38  Drone  
  33  2:40  Drone  
  35  2:46  Overlord  
  35  2:49  Drone  
  36  3:05  Drone x2  
  38  3:06  Drone x2  
  38  3:10  Hatchery  
  39  3:13  Overlord  
  39  3:23  Drone  
  39  3:24  Drone x2  
  39  3:26  Extractor  
  41  3:29  Drone, Extractor  
  41  3:30  Roach Warren  
  40  3:36  Evolution Chamber  
  40  3:39  Evolution Chamber  
  38  3:53  Drone x4, Overlord  
  42  4:11  Roach x2  
  42  4:12  Roach x2  
  42  4:15  Drone  
  42  4:16  Drone  
  52  4:18  Drone x2  
  54  4:28  Roach x2  
  58  4:34  Overlord  
  58  4:35  Overlord  
  58  4:41  Extractor  
  58  4:42  Drone  
  58  4:43  Extractor  
  58  4:44  Drone  
  58  4:56  Roach x7  
  70  5:09  Roach x3  
  64  5:21  Roach x4, Zergling x2  
  59  5:30  Zergling x4  
  59  5:33  Roach x3  
  56  5:43  Roach  
  56  5:44  Roach x2  
  54  5:50  Roach  
  54  5:51  Roach  
  54  5:56  Roach x2  
  54  6:06  Roach x3  
  55  6:16  Roach x3  
  54  6:26  Drone x5  
  54  6:29  Drone  
  54  6:30  Queen  
  54  6:31  Queen  
  64  6:33  Queen  
  64  6:37  Drone x2  
  68  6:42  Drone  
  68  6:43  Drone  
  70  6:58  Ravager  
  70  6:59  Evolution Chamber x2  
  70  7:00  Roach x2  
  73  7:02  Overlord x3  
  73  7:11  Lair  
  73  7:16  Zergling x2  
  73  7:21  Overlord x3  
  74  7:29  Ravager  
  75  7:31  Roach x4  
  83  7:37  Drone  
  83  7:38  Drone  
  83  7:43  Zerg Ground Armor Level 1, Zerg Missile Weapons Level 1  
  85  7:53  Roach x4  
  93  7:58  Spore Crawler  
  93  8:00  Spore Crawler  
  93  8:03  Spore Crawler  
  90  8:10  Overseer  
  90  8:13  Drone x5  
  90  8:18  Glial Reconstitution  
  95  8:23  Drone x3  
  97  8:36  Roach x3  
  97  8:38  Ravager x4  
  97  8:40  Spore Crawler  
  106  8:44  Ravager  
  108  8:55  Ravager  
  108  9:07  Roach x7  
  117  9:14  Extractor  
  117  9:16  Extractor  
  115  9:22  Drone x5  
  115  9:23  Drone  
  121  9:25  Ravager  
  121  9:30  Overlord x4  
  122  9:49  Drone x7  
  122  9:50  Drone x2  
  122  9:51  Drone  
  132  10:06  Zergling x4  
  134  10:09  Hatchery  
  133  10:15  Roach x3  
  133  10:16  Roach x6  
  133  10:18  Ravager x3  
  154  10:26  Overlord  
  154  10:27  Overlord x2  
  154  10:38  Spore Crawler x2  
  154  10:40  Spore Crawler x2  
  154  10:42  Spore Crawler  
  123  11:08  Spore Crawler x3  
  123  11:10  Spore Crawler  
  78  11:12  Spore Crawler  
  78  11:13  Drone, Spore Crawler  
  78  11:14  Drone x7  
  73  11:19  Roach  
  73  11:20  Roach  
  77  11:32  Ravager  
  78  11:33  Ravager x4  
  78  11:34  Roach x3, Spore Crawler  
  78  11:35  Spore Crawler x3  
  85  12:01  Ravager x4  
  85  12:02  Ravager  
  85  12:03  Roach x3  
  85  12:04  Roach x4  
  103  12:25  Ravager x6  
  103  12:26  Roach x6  
  121  12:31  Drone x2  
  121  12:34  Queen  
  121  12:35  Drone  
  126  12:38  Drone  
  126  12:39  Drone  
  128  13:00  Spire  
  99  13:29  Roach x9  
  114  13:35  Roach x4  
  114  13:36  Roach x8  
  129  13:43  Roach x6  
  119  13:53  Ravager  
  106  13:57  Ravager x12  
  106  13:59  Roach x5  
  128  14:05  Ravager x3  
  117  14:11  Roach x5  
  99  14:18  Roach  
  99  14:19  Roach x2  
  99  14:23  Roach  
  54  14:43  Roach  
  54  14:44  Roach x6  
Tags
 
Add a new tag
Caveats
  • Supply blocks, unpowered buildings, or Contaminate may cause inaccurate times.
  • Supply counts are checked every 10 seconds.